 Dungeon Crawl Stone Soup version 0.26-a0-682-g294304f6e8 (webtiles) character file.

Game seed: 16475352411846824825

154 Gargoyl the Skirmisher (level 5, 0/47 HPs)
             Began as a Gnoll Abyssal Knight on Oct 21, 2020.
             Was a Believer of Lugonu.
             Slain by Grinder (8 damage)
             ... while paralysed by Grinder
             ... on level 3 of the Dungeon on Oct 22, 2020.
             The game lasted 00:04:41 (2567 turns).

Gargoyl the Skirmisher (Gnoll Abyssal Knight)       Turns: 2567, Time: 00:04:42

Health: 0/47       AC:  8    Str: 14    XL:     5   Next: 36%
Magic:  16/17      EV:  2    Int: 14    God:    Lugonu [**....]
Gold:   267        SH:  0    Dex: 16    Spells: 6/6 levels left

rFire    + + +     SeeInvis .   a - +1 hand axe
rCold    x . .     Faith    .   d - +3 kite shield of Miracles {rPois rF+++ rC- Stlth-}
rNeg     . . .     Spirit   .   n - +0 scale mail
rPois    +         Reflect  .   (no helmet)
rElec    .         Harm     .   (no cloak)
rCorr    .         Rampage  .   p - +0 pair of gloves
MR       .....                  (no boots)
Stlth    ..........             (no amulet)
HPRegen  0.15/turn              v - ring of magical power
MPRegen  0.15/turn              (no ring)

@: paralysed
A: distributed training, fangs 1, strong nose
a: Depart the Abyss, Bend Space, Renounce Religion


You were on level 3 of the Dungeon.
You worshipped Lugonu.
Lugonu was pleased with you.
You visited 1 branch of the dungeon, and saw 3 of its levels.
You visited the Abyss 1 time.

You collected 267 gold pieces.

Inventory:

Hand Weapons
 a - a +1 hand axe (weapon)
Missiles
 f - 18 poisoned darts (quivered)
Armour
 d - the +3 kite shield of Miracles (worn) {rPois rF+++ rC- Stlth-}
   (You acquired it on level 2 of the Abyss)

   It renders you almost immune to fire.
   It makes you vulnerable to cold.
   It protects you from poison.
   It makes you less stealthy.
 n - a +0 scale mail (worn)
 p - a +0 pair of gloves (worn)
Jewellery
 v - a ring of magical power (left hand)
Wands
 r - a wand of random effects (22)
 u - a wand of enslavement (11)
Scrolls
 e - 2 scrolls of teleportation {unknown}
 g - 2 scrolls of immolation {unknown}
 h - 2 scrolls of random uselessness {unknown}
 i - 2 scrolls of magic mapping {unknown}
 j - a scroll of enchant weapon {unknown}
 k - a scroll of remove curse {unknown}
 l - 3 scrolls of blinking
 m - a scroll of identify {unknown}
 o - a scroll of amnesia {unknown}
 q - 2 scrolls of enchant armour {unknown}
 t - a scroll of noise {unknown}
Potions
 b - 2 potions of heal wounds
 c - a potion of stabbing {unknown}
 s - a potion of flight {unknown}


   Skills:
 + Level 6.7 Fighting
 + Level 1.4 Short Blades
 + Level 1.4 Long Blades
 + Level 4.8 Axes
 + Level 1.4 Maces & Flails
 + Level 1.4 Polearms
 + Level 1.4 Staves
 + Level 1.4 Slings
 + Level 1.4 Bows
 + Level 1.4 Crossbows
 + Level 1.4 Throwing
 + Level 4.8 Armour
 + Level 3.0 Dodging
 + Level 1.4 Stealth
 + Level 1.4 Shields
 + Level 1.4 Unarmed Combat
 + Level 1.4 Spellcasting
 + Level 1.1 Conjurations
 + Level 1.1 Hexes
 + Level 1.1 Summonings
 + Level 1.1 Necromancy
 + Level 1.1 Translocations
 + Level 1.1 Transmutations
 + Level 1.1 Fire Magic
 + Level 1.1 Ice Magic
 + Level 1.1 Air Magic
 + Level 1.1 Earth Magic
 + Level 1.1 Poison Magic
 + Level 4.8 Invocations
 + Level 1.4 Evocations


You had 6 spell levels left.
You didn't know any spells.
Your spell library contained the following spells:

 Spells                   Type           Power        Failure   Level
 Confusing Touch          Hex            #.......     100%        3
 Gell's Gravitas          Tloc           #.........   100%        3
 Petrify                  Tmut/Erth      #.......     100%        4
 Metabolic Englaciation   Hex/Ice        #.........   100%        5
 Yara's Violent Unravell  Hex/Tmut       #.........   100%        5


Dungeon Overview and Level Annotations

Branches:
Dungeon (3/15)

Altars:
Xom

Annotations:
D:3 Grinder


Innate Abilities, Weirdness & Mutations

Your experience applies equally to all skills.
You have very sharp teeth.
Your uncanny sense of smell can sniff out nearby items.


Message History

The poisoned dart completely misses Grinder.
Grinder hits you.
You writhe in agony.
* * * LOW HITPOINT WARNING * * *
Okay, then.
Unknown command.
Okay, then.
Space bends around you!
You blink.
Grinder gestures at you.
You suddenly lose the ability to move!
The hobgoblin hits you but does no damage.
The hobgoblin hits you with a +0 club.
* * * LOW HITPOINT WARNING * * *
The hobgoblin hits you with a +0 club.
* * * LOW HITPOINT WARNING * * *
The hobgoblin hits you but does no damage.
Grinder gestures at you. You resist with significant effort.
The hobgoblin hits you but does no damage.
Grinder hits you!
You die...

# #............# #
#.#..######### #
#.#(###### #
#........# #
#........########.
#
#.................
#
#.................
#
#.......5....)....
#
########@g........
### #...(......
..# ##..†......
..# #......... ..#
.......... ..##
#.......... ...#
#[......... ...#
#......###. ...#
##.....#


You could see Grinder and a hobgoblin.

Vanquished Creatures
  Terence (D:2)
  A hound skeleton (D:2)
  3 adders (D:2)
  7 worms
  2 dart slugs
  A leopard gecko (D:3)
  2 ball pythons (D:1)
  4 giant cockroaches
  6 goblins
  4 hobgoblins
  4 jackals (D:3)
  3 quokkas
  8 bats
  4 frilled lizards (D:1)
  5 kobolds
  14 rats
69 creatures vanquished.

Notes
Turn   | Place    | Note
-------+----------+-------------------------------------------
     0 | Abyss:1  | Gargoyl the Gnoll Abyssal Knight began the quest for the
                  | Orb.
     0 | Abyss:1  | Reached XP level 1. HP: 23/23 MP: 3/3
   120 | Abyss:1  | Found a corrupted altar of Lugonu.
   141 | Abyss:2  | Found a corrupted altar of Lugonu.
   167 | Abyss:2  | Noticed a raiju
   168 | Abyss:2  | Identified a scroll of acquirement
   168 | Abyss:2  | Acquired the +3 kite shield of Miracles {rPois rF+++ rC-
                  | Stlth-}
   171 | Abyss:2  | Noticed a raiju
   171 | Abyss:2  | Noticed a raiju
   173 | D:1      | Escaped the Abyss
   476 | D:1      | Reached * piety under Lugonu
   476 | D:1      | Reached XP level 2. HP: 29/29 MP: 5/5
  1066 | D:1      | Reached XP level 3. HP: 35/35 MP: 6/6
  1452 | D:2      | Reached skill level 1 in Short Blades
  1452 | D:2      | Reached skill level 1 in Long Blades
  1452 | D:2      | Reached skill level 1 in Maces & Flails
  1452 | D:2      | Reached skill level 1 in Polearms
  1452 | D:2      | Reached skill level 1 in Staves
  1452 | D:2      | Reached skill level 1 in Slings
  1452 | D:2      | Reached skill level 1 in Bows
  1452 | D:2      | Reached skill level 1 in Crossbows
  1452 | D:2      | Reached skill level 1 in Throwing
  1452 | D:2      | Reached skill level 1 in Stealth
  1452 | D:2      | Reached skill level 1 in Shields
  1452 | D:2      | Reached skill level 1 in Unarmed Combat
  1452 | D:2      | Reached skill level 1 in Spellcasting
  1452 | D:2      | Reached skill level 1 in Evocations
  1452 | D:2      | Reached XP level 4. HP: 40/41 MP: 7/7
  1690 | D:2      | Noticed Terence
  1718 | D:2      | Killed Terence
  1718 | D:2      | Reached skill level 1 in Conjurations
  1718 | D:2      | Reached skill level 1 in Hexes
  1718 | D:2      | Reached skill level 1 in Summonings
  1718 | D:2      | Reached skill level 1 in Necromancy
  1718 | D:2      | Reached skill level 1 in Translocations
  1718 | D:2      | Reached skill level 1 in Transmutations
  1718 | D:2      | Reached skill level 1 in Fire Magic
  1718 | D:2      | Reached skill level 1 in Ice Magic
  1718 | D:2      | Reached skill level 1 in Air Magic
  1718 | D:2      | Reached skill level 1 in Earth Magic
  1718 | D:2      | Reached skill level 1 in Poison Magic
  1721 | D:2      | Reached XP level 5. HP: 31/47 MP: 8/8
  2078 | D:2      | Reached ** piety under Lugonu
  2498 | D:3      | Found a shimmering altar of Xom.
  2540 | D:3      | Noticed Grinder
  2562 | D:3      | Paralysed by Grinder for 6 turns
  2567 | D:3      | Slain by Grinder

Illustrated notes

Levels and vault maps discovered:
D:1:      lemuel_arrival_rhombus, layout_basic, minmay_octomino_j4
D:2:      layout_loops_ring, kennysheep_cross_room, uniq_terence
D:3:      layout_basic, old_standard_altar, roderic_serpentine_path,
          uniq_grinder

Skill      XL: |  1  2  3  4  5 |
---------------+----------------+-----
Short Blades   | 1 |  1.4
Long Blades    | 1 |  1.4
Maces & Flails | 1 |  1.4
Polearms       | 1 |  1.4
Staves         | 1 |  1.4
Slings         | 1 |  1.4
Bows           | 1 |  1.4
Crossbows      | 1 |  1.4
Throwing       | 1 |  1.4
Stealth        | 1 |  1.4
Shields        | 1 |  1.4
Unarmed Combat | 1 |  1.4
Spellcasting   | 1 |  1.4
Evocations     | 1 |  1.4
Conjurations   | 1 |  1.1
Hexes          | 1 |  1.1
Summonings     | 1 |  1.1
Necromancy     | 1 |  1.1
Translocations | 1 |  1.1
Transmutations | 1 |  1.1
Fire Magic     | 1 |  1.1
Ice Magic      | 1 |  1.1
Air Magic      | 1 |  1.1
Earth Magic    | 1 |  1.1
Poison Magic   | 1 |  1.1
Dodging        | 3 |  3.0
Fighting       | |  6.7
Axes           | |  4.8
Armour         | |  4.8
Invocations    | |  4.8

Action                   |  1- 3 |  4- 6 || total
-------------------------+-------+-------++-------
Melee: Hand axe          |    96 |   142 ||   238
       Bite              |     9 |    21 ||    30
Throw: Dart              |       |     5 ||     5
Invok: Depart the Abyss  |     1 |       ||     1
       Bend Space        |       |     1 ||     1
  Use: Scroll            |     2 |       ||     2
       Potion            |     1 |       ||     1
Armor: Leather armour    |    12 |       ||    12
       Scale mail        |    10 |    49 ||    59
Dodge: Dodged            |    27 |    49 ||    76
Block: Kite shield       |    44 |    87 ||   131

Table legend: (Time is in decaauts)
 A = Elapsed time spent in this place.
 B = Non-inter-level travel time spent in this place.
 C = Inter-level travel time spent in this place.
 D = Time resting spent in this place.
 E = Time spent auto-exploring this place.
 F = Levels seen in this place.
 G = Mean time per level.
                   A        B        C        D        E       F      G
               +--------+--------+--------+--------+--------+-----+--------+
         Total |   2603 |   2526 |     77 |      0 |   1899 |   5 |  520.6 |
       Dungeon |   2430 |   2353 |     77 |      0 |   1744 |   3 |  810.0 |
         Abyss |    172 |    172 |      0 |      0 |    155 |   2 |   86.0 |
               +--------+--------+--------+--------+--------+-----+--------+

Top non-repeatable levels by time:
     D:1: 1107 daAuts
     D:2: 1045 daAuts
     D:3: 277 daAuts
 Abyss:1: 138 daAuts
 Abyss:2: 34 daAuts
